 Dungeon Crawl Stone Soup version 0.25-a0-479-g8579842fd4 (webtiles) character file.

Game seed: 12597930535976326873, levelgen mode: deterministic

102 MrRokkomies the Chiller (level 4, -5/30 HPs)
             Began as a Vampire Ice Elementalist on Feb 9, 2020.
             Engulfed by a cloud of flame (16 damage)
             ... on level 3 of the Dungeon.
             The game lasted 00:05:35 (1423 turns).

MrRokkomies the Chiller (Vampire Ice Elementalist)  Turns: 1423, Time: 00:05:36

Health: -5/30      AC:  3    Str:  8    XL:     4   Next: 49%
Magic:  7/7        EV: 13    Int: 17    God:
Gold:   89         SH:  0    Dex: 14    Spells: 3/7 levels left

rFire    . . .     SeeInvis +   l - +0 trident
rCold    . . .     Gourm    .   (no shield)
rNeg     . . .     Faith    .   a - +1 robe
rPois    .         Spirit   .   (no helmet)
rElec    .         Reflect  .   (no cloak)
rCorr    .         Harm     .   (no gloves)
MR       .....                  (no boots)
Stlth    +++.......             (no amulet)
HPRegen  0.30/turn              (no ring)
MPRegen  0.10/turn              (no ring)

@: regenerating quickly
A: no food, fangs 3, see invisible, unbreathing
a: Exsanguinate


You were on level 3 of the Dungeon.
You were alive.

You visited 1 branch of the dungeon, and saw 3 of its levels.

You collected 89 gold pieces.

Inventory:

Hand Weapons
 b - a +0 short sword
 l - a +0 trident (weapon)
Missiles
 c - 52 sling bullets
Armour
 a - a +1 robe (worn)
Potions
 e - 2 potions of heal wounds
 h - a potion of curing {unknown}
 j - a potion of agility {unknown}
 m - a potion of invisibility {unknown}


   Skills:
 + Level 3.2 Dodging
 + Level 4.5 Stealth
 - Level 2.0 Spellcasting
 * Level 5.1 Ice Magic


You had 3 spell levels left.
You knew the following spells:

 Your Spells              Type           Power        Failure   Level  Hunger
a - Freeze                Ice            ###.         2%          1    N/A
b - Frozen Ramparts       Ice            ###...       7%          3    N/A

Your spell library contained the following spells:

 Spells                   Type           Power        Failure   Level  Hunger
 Ozocubu's Armour         Chrm/Ice       ##......     21%         3    N/A
 Hailstorm                Conj/Ice       ##......     56%         4    N/A
 Summon Ice Beast         Ice/Summ       ##......     56%         4    N/A

Dungeon Overview and Level Annotations

Branches:
Dungeon (2/15)

Altars:

Annotations:
D:3 1 runed translucent door, Crazy Yiuf


Innate Abilities, Weirdness & Mutations

You do not eat.
Your natural rate of healing is unusually fast.
You have razor-sharp teeth.
You have supernaturally acute eyesight. (SInv)
You can survive without breathing.


Message History

You feel much better. The gnoll barely misses you.
As you read the scroll labeled XOISAL PECOXIH, it crumbles to dust.
It is a scroll of enchant armour.
Your +0 robe glows green for a moment.
The gnoll closely misses you.
Crazy Yiuf whimpers, "Cod!"
The gnoll closely misses you.
You hit the gnoll.
Flame seeps out of the gnoll.
The gnoll is heavily wounded.
The gnoll is engulfed in blazing flames.
The gnoll explodes!
You smell burning wood.
The tree burns like a torch!
The fiery explosion engulfs you!!
Ouch! That really hurt!
* * * LOW HITPOINT WARNING * * *
You hear a shout! x2
The forest fire spreads! x2
You feel much better.
You are engulfed in blazing flames.
You are engulfed in blazing flames.
Ouch! That really hurt!
You die...

#........^....#
#....w.....[..# #
#.....#########
..#.....# ........#
......!.##77 77 ###
...)...K#.P777§77#..)#
...........P77§§§+g..#
.....##......7§@§#...#
..... ###.P.7.§§§# ###
..w.. ##7777§777 ....
77 ...


You could see Crazy Yiuf.

Vanquished Creatures
  A gnoll (D:3)
  5 adders (D:2)
  3 worms (D:2)
  A dart slug (D:1)
  A leopard gecko (D:1)
  2 giant cockroaches
  5 goblins
  2 hobgoblins
  4 jackals
  8 bats
  3 frilled lizards
  3 kobolds
  A rat (D:1)
39 creatures vanquished.

Notes
Turn   | Place    | Note
-------+----------+-------------------------------------------
     0 | D:1      | MrRokkomies the Vampire Ice Elementalist began the quest
                  | for the Orb.
     0 | D:1      | Reached XP level 1. HP: 13/13 MP: 3/3
   283 | D:1      | Reached XP level 2. HP: 15/19 MP: 5/5
   808 | D:2      | Reached XP level 3. HP: 23/24 MP: 3/6
   837 | D:2      | Learned a level 3 spell: Frozen Ramparts
  1176 | D:2      | Reached XP level 4. HP: 30/30 MP: 5/7
  1258 | D:2      | Reached skill level 5 in Ice Magic
  1357 | D:2      | Found a faded altar of an unknown god.
  1368 | D:2      | You fall into a shaft and drop 1 floor!
  1398 | D:3      | Found a runed translucent door.
  1399 | D:3      | Noticed Crazy Yiuf
  1423 | D:3      | Engulfed by a cloud of flame

Levels and vault maps discovered:
D:1:      minmay_arrival_radiant_lines, layout_loops_ring,
          corexii_hall_statues_l, kennysheep_small_spiral, minmay_tiny_reverse_x
D:2:      layout_basic, serial_rivers, chequers_serial_rivers_room_b,
          chequers_serial_rivers_small_b, chequers_serial_rivers_room_a,
          chequers_serial_rivers_micro_a, chequers_serial_rivers_large_b,
          chequers_ecumenical_altar_island, minmay_domino_2
D:3:      layout_basic, first_ration, uniq_crazy_yiuf_cottage

Skill      XL: |  1  2  3  4 |
---------------+-------------+-----
Stealth        | 4 |  4.5
Dodging        | 3 |  3.2
Ice Magic      | 5 |  5.1
Spellcasting   | |  2.0

Action                   |  1- 3 |  4- 6 || total
-------------------------+-------+-------++-------
Melee: Short sword       |    95 |       ||    95
       Bite              |     8 |     1 ||     9
       Unarmed           |     3 |       ||     3
       Trident           |    37 |    28 ||    65
 Cast: Freeze            |    17 |     7 ||    24
  Use: Scroll            |       |     5 ||     5
       Potion            |       |     2 ||     2
 Stab: Sleeping          |     6 |     2 ||     8
       Distracted        |     1 |       ||     1
Armor: Robe              |    29 |     6 ||    35
Dodge: Dodged            |   130 |    27 ||   157

Table legend:
 A = Non-vault XP
 B = Vault XP
 C = Vault XP percentage of total XP
 D = Non-vault monster count
 E = Vault monster count
 F = Vault count percentage of total count
                 A         B        C        D         E       F
            +---------+---------+-------+---------+---------+-------
      Total |     127 |      19 |  13.0 |      36 |       3 |   7.7
            +---------+---------+-------+---------+---------+-------
        D:1 |      22 |       6 |  21.4 |      14 |       2 |  12.5
        D:2 |      86 |      13 |  13.1 |      18 |       1 |   5.3
        D:3 |      19 |       0 |   0.0 |       4 |       0 |   0.0
            +---------+---------+-------+---------+---------+-------
